 Dungeon Crawl Stone Soup version 0.21-a0-538-gd16b88a (webtiles) character file.

39980 vineage the Cleaver (level 13, -1/87 HPs)
             Began as a Demonspawn Fighter on Dec 15, 2017.
             Was the Champion of Cheibriados.
             Slain by a rakshasa (illusionary)
             ... wielding a +0 trident
              (7 damage)
             ... on level 2 of the Abyss on Dec 16, 2017.
             The game lasted 00:30:44 (12908 turns).

vineage the Cleaver (Demonspawn Fighter)           Turns: 12908, Time: 00:30:45

Health: -1/87      AC: 10    Str: 31 (32) XL:     13   Next: 72%
Magic:  13/13      EV: 19    Int: 23 (24) God:    Cheibriados [******]
Gold:   784        SH: 23    Dex: 21 (23) Spells: 12/12 levels left

rFire    + . .     SeeInvis .   t - +0 broad axe
rCold    + + +     Gourm    .   d - +1 large shield
rNeg     . . .     Faith    .   w - +2 ring mail {rC+}
rPois    +         Spirit   .   (helmet restricted)
rElec    +         Reflect  +   y - +0 cloak
rCorr    +         Harm     .   (no gloves)
MR       .....     Rnd*Rage +   D - +2 pair of boots Stlth +.........Rnd*Tele +
                                o - +4 amulet of reflection
HPRegen  0.00/turn              K - +3 ring of evasion
MPRegen  0.13/turn              g - ring of flight

@: resistant, berserk cooldown, slowed, repel missiles, very slow
A: antennae 1, claws 1, fangs 1, repulsion field 3, [berserk 3], [blurry vision
3], clever 1, [clumsy 2], cold resistance 1, [deformed body], [deterioration 1],
[dopey 2], [frail 3], [low mp 3], regeneration 1, robust 1, [screaming 3],
[inhibited regeneration], [teleportitis 3], [weak 2], wild magic 1, [no potion
heal 3], [subdued magic 3], [MP-powered wands]
a: Bend Time, Temporal Distortion, Slouch, Step From Time, Renounce Religion,
Evoke Flight


You were on level 2 of the Abyss.
You worshipped Cheibriados.
Cheibriados was exalted by your worship.
You were near starving.

You visited 1 branch of the dungeon, and saw 14 of its levels.
You visited the Abyss 1 time.
You also visited: Ossuary.

You collected 784 gold pieces.

Inventory:

Hand Weapons
 a - a +1 war axe
 t - a +0 broad axe (weapon)
Armour
 d - a +1 large shield (worn)
 w - a +2 ring mail of cold resistance (worn)
 y - a +0 cloak (worn)
 D - a +2 pair of boots (worn)
 M - +0 acid dragon scales
 U - a +0 pair of boots of running
Jewellery
 g - a ring of flight (right claw)
 i - an uncursed ring of fire
 o - a +4 amulet of reflection (around neck)
 u - an uncursed ring of positive energy
 E - an uncursed ring of poison resistance
 F - an uncursed ring of magical power
 K - a +3 ring of evasion (left claw)
 N - an uncursed ring of ice
Wands
 n - a wand of paralysis (12)
 v - a wand of flame (27)
 A - a wand of iceblast (6)
 I - a wand of polymorph (28)
 J - a wand of enslavement (6)
Scrolls
 c - a scroll of holy word {unknown}
 e - 2 scrolls of enchant armour
 l - 3 scrolls of enchant weapon
 x - 2 scrolls of remove curse
 z - 6 scrolls of teleportation
 H - 3 scrolls of identify
 L - a scroll of amnesia
 S - a scroll of fear {unknown}
Potions
 h - 5 potions of cancellation
 j - 2 potions of brilliance
 k - 3 potions of heal wounds
 q - 5 potions of curing
 r - 2 potions of resistance
 s - 2 potions of lignification
 C - 2 potions of flight
 G - a potion of magic {unknown}
 P - a potion of agility
 R - a potion of ambrosia {unknown}
Books
 Q - a book of Air

   Spells                             Type                      Level
   a - Shock                          Conjuration/Air              1
   b - Swiftness                      Charms/Air                   2
   c - Static Discharge               Conjuration/Air              3
   d - Airstrike                      Air                          4
   e - Lightning Bolt                 Conjuration/Air              5
 T - a book of Fire

   Spells                             Type                      Level
   a - Ignite Poison                  Fire/Transmutation/Poison    3
   b - Fireball                       Conjuration/Fire             5
   c - Bolt of Fire                   Conjuration/Fire             6
   d - Ring of Flames                 Charms/Fire                  7
   e - Ignition                       Fire                         8
Comestibles
 b - 16 fruits
 f - 7 bread rations
 m - 8 royal jellies
 B - 7 meat rations


   Skills:
 + Level 12.9 Fighting
 - Level 14.0 Axes
 + Level 6.7 Armour
 + Level 5.9 Dodging
 + Level 6.6 Shields
 + Level 8.5 Invocations


You had 12 spell levels left.
You didn't know any spells.

Dungeon Overview and Level Annotations

Branches:
Dungeon (14/15)            Temple (0/1) D:4            Lair (0/6) D:8
    Orc (0/2) D:12
 Vaults: D:13-14

Altars:
Cheibriados
Elyvilon
Makhleb
Nemelex Xobeh
Okawaru
Qazlal
Sif Muna
Yredelemnul
Beogh
Lugonu

Shops:
D:5 [   D:7 [   D:8 }

Annotations:
D:10 Harold


Innate Abilities, Weirdness & Mutations

You have sharp fingernails.
You are surrounded by a strong repulsion field. (EV +4, RMsl)
Your flesh is cold resistant. (rC+)
You have a pair of small antennae on your head.
You have very sharp teeth.
Your mind is acute. (Int +2)
Your natural rate of healing is unusually fast.
You are robust. (+10% HP)
Your spells are a little harder to cast, but a little more powerful.
[You have an uncontrollable temper.]
[Scrolls take you much longer to read.]
[You are very clumsy. (Dex -4)]
[Armour fits poorly on your strangely shaped body.]
[Your body sometimes deteriorates upon taking damage.]
[You are very dopey. (Int -4)]
[You are extremely frail. (-30% HP)]
[Your magical capacity is extremely low. (-30% MP)]
[You frequently scream uncontrollably at your foes.]
[You do not regenerate when monsters are visible.]
[You are often teleported next to monsters.]
[You are very weak. (Str -4)]
[Potions cannot restore your health.]
[Your spells are much easier to cast, but much less powerful.]
[You expend magic power (3 MP) to strengthen your wands.]


Message History

You no longer feel jittery.
You feel a little healthier.
You feel less resistant to poisons.
You feel clever. You block the flying skull's attack.
You block the rakshasa's attack. You block the flying skull's attack.
The flying skull misses you.
The rakshasa blinks! x2; The flying skull completely misses you.
You block the flying skull's attack.
You feel extremely strange. The antennae on your head shrink a bit.
Nature stops experimenting on you.
You feel frail.
You feel less in control of your magic. You block the flying skull's attack.
The flying skull barely misses you. The flying skull closely misses you.
You block the rakshasa's attack. The flying skull barely misses you.
The rakshasa barely misses you.
A flying skull comes into view.
You have no ailments to cure.
You feel protected.
The flying skull gives a hideous shriek!
You hear a hideous shriek!
You hear a shout!
You block the flying skull's attack. x2
The rakshasa hits you from afar with a trident!
You die...

#. ##.##..## #.
.......z#....## .#
#. #.
.{....#..#...# #
######.{..........
.{##..R...#.# #
.{..#....... # ###
##R..#...
#.##z#z..##
#zR.@zz####
...X##.###.# .. #
## #.. . #.# .. .#
. #


You could see a tentacled starspawn, 3 rakshasas and 5 flying skulls.

Vanquished Creatures
  A tentacled starspawn (Abyss:2)
  A stone giant (D:9)
  A very ugly thing (Abyss:2)
  Josephine (D:10)
  A great orb of eyes (D:9)
  Fannar (D:12)
  A hydra (D:8)
  5 two-headed ogres
  A centaur warrior (D:12)
  A wretched star (Abyss:2)
  An anaconda zombie (Abyss:2)
  2 unseen horrors
  A wizard (D:14)
  A manticore (D:13)
  2 ugly things
  A moth of wrath (shapeshifter) (D:9)
  Joseph (D:7)
  2 gargoyles (D:14)
  Psyche (D:8)
  5 kobold demonologists (D:13)
  A hellwing (Abyss:2)
  3 trolls
  Prince Ribbit (D:8)
  2 hornets
  11 slime creatures (D:13)
  4 hippogriffs
  2 dream sheep (D:8)
  2 vampires
  6 wraiths
  2 wyverns
  3 ynoxinuls (Abyss:2)
  4 large abominations (Abyss:2)
  8 humans (D:14)
  19 yaks
  A basilisk (D:13)
  2 chaos spawn (Abyss:2)
  3 hungry ghosts
  2 neqoxecs (Abyss:2)
  The ghost of Amnesiac the Ducker, an amateur HaFi (D:4)
  An acid dragon (D:12)
  4 water moccasins
  3 ice beasts
  9 orc warriors
  4 black bears
  2 necrophages
  8 ogres
  8 sky beasts
  2 phantoms
  9 centaurs
  5 small abominations (Abyss:2)
  2 crocodiles
  4 big kobolds
  9 bullfrogs
  2 water moccasin zombies
  8 scorpions
  15 killer bees
  4 howler monkeys
  11 wights
  3 centaur zombies
  5 starcursed masses (Abyss:2)
  2 bullfrog zombies
  4 crimson imps
  6 hounds
  4 jellies
  4 quasits
  9 orc priests
  A bullfrog skeleton (D:12)
  Crazy Yiuf (D:4)
  Jessica (D:2)
  15 mummies (Ossuary)
  Ijyb (D:4)
  6 iguanas
  7 orc wizards
  7 worker ants
  2 hound zombies
  A hound skeleton (D:11)
  A howler monkey zombie (Ossuary)
  8 worker ant zombies
  7 gnolls
  A howler monkey skeleton (D:7)
  10 adders
  A shadow imp (D:6)
  2 oozes
  An adder skeleton (D:4)
  6 adder zombies
  2 worms
  A dart slug (D:3)
  9 leopard geckos
  46 orcs
  4 giant cockroaches
  5 goblins
  3 hobgoblins
  8 jackals
  6 quokkas
  A ball python (D:4)
  2 bats
  5 frilled lizards
  A giant cockroach zombie (D:5)
  10 kobolds
  3 quokka zombies
  3 rats
  A starspawn tentacle (Abyss:2)
444 creatures vanquished.

Vanquished Creatures (others)
  A centaur (D:12)
  5 starspawn tentacles (Abyss:2)
  4 withered plants (Ossuary)
10 creatures vanquished.

Grand Total: 454 creatures vanquished

Notes
Turn   | Place    | Note
-------+----------+-------------------------------------------
     0 | D:1      | vineage the Demonspawn Fighter began the quest for the Orb.
     0 | D:1      | Reached XP level 1. HP: 18/18 MP: 1/1
   185 | D:1      | Reached skill level 2 in Axes
   517 | D:1      | Gained mutation: You are surrounded by a mild repulsion field. (EV +2) [demonic ancestry]
   517 | D:1      | Reached XP level 2. HP: 20/24 MP: 2/2
   803 | D:2      | Reached XP level 3. HP: 29/29 MP: 3/3
   814 | D:2      | Noticed Jessica
   826 | D:2      | Killed Jessica
   826 | D:2      | Reached skill level 3 in Axes
  1424 | D:3      | Reached XP level 4. HP: 20/37 MP: 4/4
  1632 | D:3      | Found a snail-covered altar of Cheibriados.
  1633 | D:3      | Found a basalt altar of Yredelemnul.
  1643 | D:3      | Became a worshipper of Cheibriados the Contemplative
  2138 | D:3      | Reached skill level 4 in Axes
  2184 | D:3      | Reached XP level 5. HP: 33/42 MP: 5/5
  2290 | D:4      | Noticed Ijyb
  2302 | D:4      | Killed Ijyb
  2318 | D:4      | Gained mutation: You evolve. [potion of mutation]
  2318 | D:4      | Gained mutation: [You are weak. (Str -2)] [potion of mutation]
  2318 | D:4      | Gained mutation: Your natural rate of healing is unusually fast. [potion of mutation]
  2318 | D:4      | Lost mutation: [You are weak. (Str -2)] [potion of mutation]
  2347 | D:4      | Noticed Amnesiac's ghost (amateur HaFi)
  2356 | D:4      | Reached * piety under Cheibriados
  2381 | D:4      | Killed Amnesiac's ghost
  2381 | D:4      | Reached skill level 5 in Axes
  2381 | D:4      | Gained mutation: You are surrounded by a moderate repulsion field. (EV +3) [demonic ancestry]
  2381 | D:4      | Reached XP level 6. HP: 24/49 MP: 6/6
  2499 | D:4      | Found a staircase to the Ecumenical Temple.
  2754 | D:4      | Found a runed door.
  2758 | D:4      | Noticed Crazy Yiuf
  2769 | D:4      | Killed Crazy Yiuf
  2769 | D:4      | Reached skill level 5 in Fighting
  2948 | D:4      | Found a white marble altar of Elyvilon.
  2952 | D:4      | Found an iron altar of Okawaru.
  2957 | D:4      | Found a deep blue altar of Sif Muna.
  3046 | D:5      | Entered Level 5 of the Dungeon
  3125 | D:5      | Found a sand-covered staircase.
  3176 | Ossuary  | Entered an ossuary
  3186 | Ossuary  | Gained mutation: Your flesh is cold resistant. (rC+) [demonic ancestry]
  3186 | Ossuary  | Reached XP level 7. HP: 45/56 MP: 7/7
  3194 | Ossuary  | Reached skill level 6 in Axes
  3488 | Ossuary  | Reached ** piety under Cheibriados
  3615 | Ossuary  | Reached skill level 7 in Axes
  3703 | D:5      | Reached XP level 8. HP: 45/64 MP: 8/8
  3733 | D:5      | Found Raaluf's Armour Emporium.
  4162 | D:5      | Reached skill level 8 in Axes
  4329 | D:6      | Noticed a hippogriff
  4347 | D:6      | Killed a hippogriff
  4604 | D:6      | Reached *** piety under Cheibriados
  4801 | D:6      | Reached skill level 9 in Axes
  4925 | D:6      | Reached XP level 9. HP: 71/72 MP: 9/9
  5219 | D:6      | Gained mutation: You have a pair of small antennae on your head. [evolution]
  5525 | D:7      | Reached skill level 10 in Axes
  5798 | D:7      | Gained mutation: [You tend to lose your temper in combat.] [mutagenic meat]
  5799 | D:7      | Gained mutation: You are robust. (+10% HP) [mutagenic meat]
  5800 | D:7      | Gained mutation: [Your body sometimes deteriorates upon taking damage.] [mutagenic meat]
  5802 | D:7      | Gained mutation: You have a pair of antennae on your head. [mutagenic meat]
  5803 | D:7      | Gained mutation: [You occasionally shout uncontrollably at your foes.] [mutagenic meat]
  5814 | D:7      | Reached **** piety under Cheibriados
  5907 | D:7      | Found Moneq's Armour Shop.
  5920 | D:7      | Noticed Joseph
  5936 | D:7      | Killed Joseph
  6081 | D:7      | Reached XP level 10. HP: 90/90 MP: 10/10
  6250 | D:8      | Reached skill level 11 in Axes
  6387 | D:8      | Gained mutation: Your flesh is heat resistant. (rF+) [evolution]
  6397 | D:8      | Found a transporter.
  6522 | D:8      | Found Nayfo's Gadget Boutique.
  6522 | D:8      | Noticed Psyche
  6537 | D:8      | Killed Psyche
  6537 | D:8      | Reached ***** piety under Cheibriados
  6662 | D:8      | Noticed a three-headed hydra
  6911 | D:8      | Noticed Prince Ribbit
  6921 | D:8      | Killed Prince Ribbit
  6921 | D:8      | Reached skill level 12 in Axes
  7090 | D:8      | Lost mutation: [You occasionally shout uncontrollably at your foes.] [evolution]
  7169 | D:8      | Killed a seven-headed hydra
  7169 | D:8      | Reached skill level 10 in Fighting
  7535 | D:8      | Found a staircase to the Lair.
  7750 | D:8      | Found a roughly hewn altar of Beogh.
  7758 | D:8      | Noticed a two-headed ogre
  7769 | D:8      | Killed a two-headed ogre
  7769 | D:8      | Gained mutation: You are surrounded by a strong repulsion field. (EV +4, RMsl) [demonic ancestry]
  7769 | D:8      | Reached XP level 11. HP: 70/101 MP: 11/11
  7830 | D:8      | Found a transporter.
  7908 | D:9      | Noticed a stone giant
  7915 | D:9      | Killed a stone giant
  8209 | D:9      | Noticed a great orb of eyes
  8222 | D:9      | Killed a great orb of eyes
  8222 | D:9      | Reached skill level 13 in Axes
  8266 | D:9      | Found a burning altar of Makhleb.
  8268 | D:9      | Found a sparkling altar of Nemelex Xobeh.
  8301 | D:9      | Was placed under penance by Cheibriados
  8310 | D:9      | Was forgiven by Cheibriados
  8351 | D:9      | Lost mutation: Your flesh is heat resistant. (rF+) [mutagenic meat]
  8352 | D:9      | Gained mutation: [You are weak. (Str -2)] [mutagenic meat]
  8705 | D:9      | Noticed a two-headed ogre
  8715 | D:9      | Killed a two-headed ogre
  8944 | D:9      | Lost mutation: [You are weak. (Str -2)] [mutagenic meat]
  8945 | D:9      | Gained mutation: Your flesh is very cold resistant. (rC++) [mutagenic meat]
  8946 | D:9      | Gained mutation: Your system is resistant to poisons. (rPois) [mutagenic meat]
  9047 | D:10     | Entered Level 10 of the Dungeon
  9047 | D:10     | Noticed Harold
  9075 | D:10     | Found a stormy altar of Qazlal.
  9200 | D:10     | Reached ****** piety under Cheibriados
  9200 | D:10     | Reached skill level 14 in Axes
  9262 | D:10     | Gained mutation: You are very robust. (+20% HP) [mutagenic meat]
  9263 | D:10     | Gained mutation: You have very sharp teeth. [mutagenic meat]
  9266 | D:10     | Lost mutation: Your flesh is very cold resistant. (rC++) [mutagenic meat]
  9327 | D:10     | Gained mutation: You can translocate small distances at will. [evolution]
  9390 | D:10     | Noticed Josephine
  9395 | D:10     | Killed Josephine
  9395 | D:10     | Reached skill level 1 in Invocations
  9405 | D:10     | Reached skill level 1 in Dodging
  9417 | D:10     | Reached XP level 12. HP: 85/120 MP: 13/13
 10237 | D:11     | Noticed a two-headed ogre
 10247 | D:11     | Killed a two-headed ogre
 10453 | D:11     | You fall through a shaft for 2 floors!
 10517 | D:13     | Found a corrupted altar of Lugonu.
 10768 | D:12     | Paralysed by a hornet for 2 turns
 10780 | D:12     | Found a staircase to the Orcish Mines.
 10804 | D:12     | Noticed Fannar
 10815 | D:12     | Killed Fannar
 10815 | D:12     | Reached skill level 5 in Invocations
 10977 | D:12     | Noticed a two-headed ogre
 10985 | D:12     | Killed a two-headed ogre
 10985 | D:12     | Reached skill level 5 in Armour
 10985 | D:12     | Reached skill level 5 in Shields
 11150 | D:12     | Noticed a centaur warrior
 11157 | D:12     | Killed a centaur warrior
 11489 | D:13     | Gained mutation: You have sharp fingernails. [demonic ancestry]
 11489 | D:13     | Reached XP level 13. HP: 125/130 MP: 17/17
 11922 | D:13     | Found a white marble altar of Elyvilon.
 12355 | D:14     | Reached skill level 5 in Dodging
 12444 | D:14     | Cast into level 2 of the Abyss (a wizard)
 12634 | Abyss:2  | Lost mutation: [You tend to lose your temper in combat.] [evolution]
 12644 | Abyss:2  | Noticed a tentacled starspawn
 12661 | Abyss:2  | Killed a tentacled starspawn
 12672 | Abyss:2  | Noticed a starcursed mass
 12742 | Abyss:2  | Noticed a green very ugly thing
 12760 | Abyss:2  | Killed a green very ugly thing
 12906 | Abyss:2  | Lost mutation: You can translocate small distances at will. [potion of mutation]
 12906 | Abyss:2  | Lost mutation: [Your body often deteriorates upon taking damage.] [potion of mutation]
 12906 | Abyss:2  | Lost mutation: Your system is resistant to poisons. (rPois) [potion of mutation]
 12906 | Abyss:2  | Gained mutation: Your mind is acute. (Int +2) [potion of mutation]
 12907 | Abyss:2  | Lost mutation: You have a pair of antennae on your head. [potion of mutation]
 12907 | Abyss:2  | Lost mutation: You evolve. [potion of mutation]
 12907 | Abyss:2  | Lost mutation: You are very robust. (+20% HP) [potion of mutation]
 12907 | Abyss:2  | Gained mutation: Your spells are a little harder to cast, but a little more powerful. [potion of mutation]
 12908 | Abyss:2  | Slain by a rakshasa (illusionary)

Vault maps used:
D:1:      lightli_arrival_noodles, serial_bayou_pond_d
D:2:      first_bread, grunt_decor_clamped, grunt_decor_mini_mirrors,
          uniq_jessica
D:3:      gammafunk_temple_overflow_statue
D:4:      minmay_overflow_temple_star_quad, minmay_temple_entry_junction,
          uniq_crazy_yiuf_cottage, uniq_ijyb
D:5:      nicolae_ossuary_entry_ruins, serial_shops, shop, hex_large
D:6:      corexii_mini_fake_secret_closet
D:7:      serial_shops, shop, uniq_joseph
D:8:      gammafunk_beogh_shrine, serial_shops, shop, hangedman_ranch,
          minmay_stone_trees_small, uniq_psyche, uniq_prince_ribbit1
D:9:      jmf_multi_god_temple
D:10:     grunt_ministairs_1, grunt_qazlal_sundering, uniq_josephine,
          uniq_harold
D:11:     minmay_misc_feat_iff
D:12:     orc_0_dummy, uniq_fannar
D:13:     kennysheep_kobold_lugonu_temple, basic_altar
D:14:     grunt_vaults_entry_tiered, minivault_14, serial_shops,
          nicolae_shop_stone, uniq_agnes
Ossuary:  ossuary_zaba_flooded

Skill      XL: |  1  2  3  4  5  6  7  8  9 10 11 12 13 |
---------------+----------------------------------------+-----
Axes           | 2 3 4 5 7 9 10 12 14 | 14.0
Fighting       | 4 5 6 7 8 10 11 12 | 12.9
Armour         | 3 5 6 |  6.7
Shields        | 3 5 6 |  6.6
Invocations    | 1 6 8 |  8.5
Dodging        | 1 4 5 |  5.9

Action                   |  1- 3 |  4- 6 |  7- 9 | 10-12 | 13-15 || total
-------------------------+-------+-------+-------+-------+-------++-------
Melee: War axe           |   107 |   189 |   419 |   358 |       ||  1073
       Broad axe         |       |       |       |   298 |   315 ||   613
       Bite              |       |       |       |    62 |    70 ||   132
Invok: Bend Time         |       |       |       |     1 |       ||     1
Evoke: Wand              |       |       |       |     8 |       ||     8
  Use: Scroll            |     2 |     8 |     9 |     5 |     3 ||    27
       Potion            |       |     3 |       |     3 |     3 ||     9
 Stab: Sleeping          |       |       |       |     4 |       ||     4
  Eat: Chunk             |     1 |     5 |     7 |    25 |     3 ||    41
       Meat ration       |       |       |     1 |       |       ||     1
       Fruit             |       |       |       |     2 |       ||     2
Armor: Scale mail        |    53 |    16 |       |       |       ||    69
       Ring mail         |       |    23 |    74 |   198 |    42 ||   337
Dodge: Dodged            |    28 |    71 |    65 |   194 |   189 ||   547
       Deflected         |       |       |       |     4 |     8 ||    12
Block: Shield            |    55 |    96 |       |       |       ||   151
       Reflection        |       |     3 |     5 |    18 |    18 ||    44
       Large shield      |       |    58 |   313 |   755 |   399 ||  1525

Table legend:
 A = Spawn XP
 B = Non-spawn XP
 C = Spawn XP percentage of total XP
 D = Spawn monster count
 E = Non-spawn monster count
 F = Spawn count percentage of total count
 G = Total turns spent on level
                    A         B        C        D         E        F      G
               +---------+---------+-------+---------+---------+-------+---------
         Total |     928 |   56187 |   1.6 |       6 |     437 |   1.4 | 12908
               +---------+---------+-------+---------+---------+-------+---------
           D:1 |       0 |      26 |   0.0 |       0 |      13 |   0.0 |   609
           D:2 |       0 |      77 |   0.0 |       0 |      12 |   0.0 |   827
           D:3 |       0 |      93 |   0.0 |       0 |      21 |   0.0 |   851
           D:4 |       0 |     464 |   0.0 |       0 |      15 |   0.0 |   759
           D:5 |       0 |     757 |   0.0 |       0 |      16 |   0.0 |   766
           D:6 |       0 |     917 |   0.0 |       0 |      17 |   0.0 |  1154
           D:7 |       0 |    2571 |   0.0 |       0 |      25 |   0.0 |   697
           D:8 |       0 |    6068 |   0.0 |       0 |      55 |   0.0 |  1688
           D:9 |       0 |    6574 |   0.0 |       0 |      46 |   0.0 |  1179
          D:10 |       0 |    6726 |   0.0 |       0 |      45 |   0.0 |   746
          D:11 |       0 |    3074 |   0.0 |       0 |      25 |   0.0 |   662
          D:12 |       0 |    6767 |   0.0 |       0 |      27 |   0.0 |   933
          D:13 |       0 |    8945 |   0.0 |       0 |      53 |   0.0 |   927
          D:14 |       0 |    4120 |   0.0 |       0 |      17 |   0.0 |   129
       Abyss:2 |     928 |    8353 |  10.0 |       6 |      22 |  21.4 |   464
       Ossuary |       0 |     655 |   0.0 |       0 |      28 |   0.0 |   517
               +---------+---------+-------+---------+---------+-------+---------
